 Dungeon Crawl Stone Soup version 0.30-a0-457-g4b7bca3bfa (webtiles) character file.

Game seed: 15090594222779423449

9 degerharde the Chopper (level 2, 27/27 HPs)
             Began as a Minotaur Berserker on Dec 12, 2022.
             Was a Follower of Trog.
             Quit the game on level 1 of the Dungeon on Dec 13, 2022.
             The game lasted 00:08:27 (337 turns).

degerharde the Chopper (Minotaur Berserker)          Turns: 337, Time: 00:08:28

Health: 27/27      AC:  2    Str: 21    XL:     2   Next: 3%
Magic:  1/1        EV: 12    Int:  4    God:    Trog [*.....]
Gold:   18         SH:  0    Dex:  9    Spells: 1/1 levels left

rFire   . . .      SeeInvis .    a - +0 hand axe
rCold   . . .      Faith    .    (no shield)
rNeg    . . .      Spirit   .    b - +0 animal skin
rPois   .          Reflect  .    (helmet restricted)
rElec   .          Harm     .    (no cloak)
rCorr   .          Rampage  .    (no gloves)
Will    .....                    (no boots)
Stlth   +.........               (no amulet)
HPRegen 0.24/turn                (no ring)
MPRegen 0.07/turn                (no ring)

@: no status effects
A: horns 2, retaliatory headbutt
a: Renounce Religion, Berserk


You were on level 1 of the Dungeon.
You worshipped Trog.
Trog was aware of your devotion.
You visited 1 branch of the dungeon, and saw 1 of its levels.

You collected 18 gold pieces.

Inventory:

Hand Weapons
 a - a +0 hand axe (weapon)
Armour
 b - a +0 animal skin (worn)
Jewellery
 c - a ring of fire
Scrolls
 d - a scroll of fog {unknown}
 f - a scroll of poison {unknown}
Potions
 e - a potion of curing {unknown}
 g - 3 potions of mutation {unknown}


   Skills:
 + Level 3.8 Fighting
 + Level 4.0 Axes
 + Level 2.5 Armour
 + Level 2.2 Dodging
 + Level 0.2 Stealth


You had one spell level left.
You didn't know any spells.
Your spell library was empty.

Dungeon Overview and Level Annotations

Branches:
Dungeon (1/15)

Altars:


Innate Abilities, Weirdness & Mutations

You have a pair of horns on your head.
You reflexively headbutt those who attack you in melee.


Message History

You now have 18 gold pieces (gained 10).
An endoplasm comes into view.
The helpless endoplasm fails to defend itself.
You hit the endoplasm.
You kill the endoplasm!
Trog accepts your kill.
You have reached level 2!
Unknown command.
Found a fizzy purple potion.
g - a fizzy purple potion
Found a fizzy purple potion.
g - 2 fizzy purple potions (gained 1)
Found 8 gold pieces.
A ball python comes into view.
Found a fizzy purple potion.
The ball python hisses angrily.
The ball python bites you but does no damage.
The ball python completely misses you.
You hit the ball python but do no damage.
The ball python barely misses you. The ball python grabs you.
The ball python constricts you. The ball python misses you.
The ball python constricts you.
You hit the ball python.
You kill the ball python!
Trog accepts your kill.
Your Axes skill increases to level 4!
You see here a ball python corpse.
There's nothing to close nearby.
Welcome back, degerharde the Minotaur Berserker.
Trog says: Kill them all!
Press ? for a list of commands and other information.
You see here a ball python corpse.
g - 3 fizzy purple potions (gained 1) Welcome back, degerharde the Minotaur Berserker.
Trog says: Kill them all!
Press ? for a list of commands and other information.
Welcome back, degerharde the Minotaur Berserker.
Trog says: Kill them all!
Press ? for a list of commands and other information.
Are you sure you want to abandon this character and quit the game? (Confirm with "yes".)

#.# #.# #.########
#######.........
#...#....#######
#†#.#.#..##..... #.
##.#.#.#..##.####
#.####..#.#.#..##.####
###....@..#.#.#.....
#..
#.........#.#.#..##
#.# #..########.#..###
##.# # #.##.# #...
#....# #..# #...≈.≈###
##.. .....≈.≈# ###
.....≈.≈# ## .....≈≈≈#
#.


There were no monsters in sight!

Vanquished Creatures
  3 endoplasms (D:1)
  2 hobgoblins (D:1)
  2 ball pythons (D:1)
  A frilled lizard (D:1)
8 creatures vanquished.

Vanquished Creatures (others)
  3 fungi (D:1)
  3 plants (D:1)
6 creatures vanquished.

Grand Total: 14 creatures vanquished

Notes
Turn   | Place    | Note
-------+----------+-------------------------------------------
     0 | D:1      | degerharde the Minotaur Berserker began the quest for the
                  | Orb.
     0 | D:1      | Reached XP level 1. HP: 19/19 MP: 0/0
   138 | D:1      | Found a faded altar of an unknown god.
   249 | D:1      | Reached XP level 2. HP: 27/27 MP: 1/1
   326 | D:1      | Reached skill level 4 in Axes
   337 | D:1      | Quit the game

Illustrated notes

Levels and vault maps discovered:
D:1:      heliophobic_arrival_dark_side_of_the_moon, layout_rooms,
          shapermc_ecumenical_altar_mp_urbaneastern, serial_co_window_serial,
          co_window_paths_b, co_window_corner_a, co_window_corner_a,
          co_window_paths_a, co_window_paths_a, co_window_broadway_b,
          co_window_corner_ca, co_window_of_opportunity_c, co_window_paths_c,
          co_window_4corner_b, glass_columns_a, glass_columns_a,
          glass_columns_a, glass_columns_a, glass_columns_c,
          chequers_serial_rivers_micro_d

Skill      XL: |  1  2 |
---------------+-------+-----
Axes           | 4 |  4.0
Fighting       | |  3.8
Armour         | |  2.5
Dodging        | |  2.2
Stealth        | |  0.2

Action                   || total
-------------------------++-------
Melee: Hand axe          ||    38
       Headbutt          ||    11
 Stab: Sleeping          ||     1
Armor: Animal skin       ||     3
Dodge: Dodged            ||    13

Table legend: (Time is in decaauts)
 A = Elapsed time spent in this place.
 B = Non-inter-level travel time spent in this place.
 C = Inter-level travel time spent in this place.
 D = Time resting spent in this place.
 E = Time spent auto-exploring this place.
 F = Levels seen in this place.
 G = Mean time per level.
                   A        B        C        D        E       F      G
               +--------+--------+--------+--------+--------+-----+--------+
         Total |    341 |    341 |      0 |      0 |      1 |   1 |  341.0 |
       Dungeon |    341 |    341 |      0 |      0 |      1 |   1 |  341.0 |
               +--------+--------+--------+--------+--------+-----+--------+

Top non-repeatable levels by time:
     D:1: 341 daAuts
